 Dungeon Crawl Stone Soup version 0.31-a0-819-gf6de2f5ab6 (webtiles) character file.

Game seed: 17125945041363716450

34 demibob the Poker (level 3, -8/29 HPs)
             Began as a Merfolk Chaos Knight on Sept 25, 2023.
             Was a Plaything of Xom.
             Mangled by a slime creature (glowing shapeshifter) (19 damage)
             ... on level 1 of the Dungeon.
             The game lasted 00:01:18 (544 turns).

demibob the Poker (Merfolk Chaos Knight)             Turns: 544, Time: 00:01:19

Health: -8/29      AC:  5    Str: 12    XL:     3   Next: 31%
Magic:  3/3        EV: 12    Int: 11    God:    Xom [..*...]
Gold:   0          SH:  0    Dex: 15    Spells: 2/2 levels left

rFire   . . .        a - +0 spear (chaos)
rCold   . . .        (no shield)
rNeg    . . .        b - +2 leather armour
rPois   .            (no helmet)
rElec   .            (no cloak)
rCorr   .            (no gloves)
SInv    .            (no boots)
Will    .....        (no amulet)
Stlth   +            (no ring)
HPRegen 0.24/turn    (no ring)
MPRegen 0.08/turn

%: no passive effects
@: hasted, very quick
A: (nimble swimmer 2), mertail
a: Renounce Religion


You were on level 1 of the Dungeon.
You worshipped Xom.
You were a toy of Xom.
You visited 1 branch of the dungeon, and saw 1 of its levels.


Innate Abilities, Weirdness & Mutations

((You are very nimble when in or above water. (Stealth+, EV+, Speed+++)))
Your lower body shifts to a powerful aquatic tail in water.


   Skills:
 - Level 3.2 Fighting
 + Level 5.7 Polearms
 - Level 0.6 Armour
 - Level 2.6 Dodging


You had 2 spell levels left.
You didn't know any spells.
Your spell library contained the following spells:

 Spells                   Type           Power      Damage    Failure   Level
 Passage of Golubria      Tloc           0%         N/A       99%         4
 Silence                  Hex/Air        0%         N/A       100%        5
 Lehudib's Crystal Spear  Conj/Erth      0%         10d2      100%        8

Inventory:

Hand Weapons
 a - a +0 spear of chaos (weapon)
Missiles
 g - 2 throwing nets {=f}
Armour
 b - a +2 leather armour (worn)
Scrolls
 c - a scroll of butterflies
 e - 2 scrolls of identify {unknown}
 f - a scroll of amnesia {unknown}
 h - a scroll of teleportation {unknown}
Potions
 d - a potion of haste {@q3}

Dungeon Overview and Level Annotations

Branches:
Dungeon (1/15)

Altars:

....#.# #........# #.#
# .##.#.# #........#
##'### ....#.#
#........# #.†...
....#.##### #........#
#.....
#.#.#.#...####........#
#.....
......+...'.##........#
#.....
#######...#..#..).....#
#.....


.PP #...##..........# #..... .♣. #...###...@.....# #..... ..P ##### #...J.b...#
###### PP. #......########### # P.. #.....)#.........#### PP.
#...†..#.........'... P♣. ###.............†..##.. P.P #.........†.##+######.#
.P. #)#########..#.# #.# ..P #..# ##.#.# #.# You could see a slime creature
shaped shifter and a bat (summoned).


Message History

The glowing orange brain blinks!
The goblin closely misses you. The goblin hits you with a +0 dagger.
* * * LOW HITPOINT WARNING * * *
Unknown command.
You hit the goblin. You drain the goblin.
The goblin is severely wounded.
You closely miss the goblin.
The goblin is severely wounded.
The glowing orange brain pulsates.
The goblin hits you but does no damage.
You barely miss the goblin.
The goblin is severely wounded.
You closely miss the goblin.
The goblin is severely wounded.
The glowing orange brain changes into a slime creature!
The goblin hits you with a +0 dagger.
* * * LOW HITPOINT WARNING * * *
The bat completely misses you.
You closely miss the goblin.
The goblin is severely wounded.
The bat closely misses you.
You hit the goblin.
You kill the goblin!
The bat misses you.
You feel as though your hastened speed will last longer.
You barely miss the slime creature. The bat closely misses you.
The slime creature hits you!!
Ouch! That really hurt!
You die...
Xom bursts into laughter!

Skill      XL: |  1  2 |
---------------+-------+-----
Polearms       | 5 |  5.7
Fighting       | |  3.2
Armour         | |  0.6
Dodging        | |  2.6

Action                     || total
---------------------------++-------
  Melee: Spear             ||   103
    Use: Potion            ||     2
   Stab: Confused          ||     2
         Sleeping          ||     1
 Armour: Leather armour    ||    31
  Dodge: Dodged            ||    46

Levels and vault maps discovered:
D:1:      minmay_arrival_arboretum_small, layout_basic, chequers_avenue

Notes
Turn   | Place    | Note
-------+----------+-------------------------------------------
     0 | D:1      | demibob the Merfolk Chaos Knight began the quest for the
                  | Orb.
     0 | D:1      | Reached XP level 1. HP: 18/18 MP: 1/1
   167 | D:1      | Reached XP level 2. HP: 22/24 MP: 2/2
   195 | D:1      | Reached skill level 5 in Polearms
   267 | D:1      | Reached XP level 3. HP: 29/29 MP: 3/3
   355 | D:1      | XOM: silly message
   501 | D:1      | a rat changed into a glowing shapeshifter
   501 | D:1      | Noticed a glowing shapeshifter (glowing shapeshifter)
   502 | D:1      | a glowing shapeshifter changed into an elephant
   502 | D:1      | Noticed an elephant (glowing shapeshifter)
   504 | D:1      | an elephant changed into a glowing orange brain
   504 | D:1      | Noticed a glowing orange brain (glowing shapeshifter)
   505 | D:1      | >>hi
   505 | D:1      | >>xom
   513 | D:1      | a glowing orange brain changed into an anaconda
   513 | D:1      | Noticed an anaconda (glowing shapeshifter)
   514 | D:1      | XOM: butterfly on damage
   525 | D:1      | an anaconda changed into a water nymph
   525 | D:1      | Noticed a water nymph (glowing shapeshifter)
   529 | D:1      | a water nymph changed into a glowing orange brain
   529 | D:1      | Noticed a glowing orange brain (glowing shapeshifter)
   539 | D:1      | a glowing orange brain changed into a slime creature
   539 | D:1      | Noticed a slime creature (glowing shapeshifter)
   544 | D:1      | Mangled by a slime creature (glowing shapeshifter)

Vanquished Creatures
  A gnoll (D:1)
  3 ball pythons (D:1)
  A bat (D:1)
  2 endoplasms (D:1)
  3 goblins (D:1)
  A hobgoblin (D:1)
  2 quokkas (D:1)
  A frilled lizard (D:1)
  4 kobolds (D:1)
  3 rats (D:1)
21 creatures vanquished.

Table legend: (Time is in decaauts)
 A = Elapsed time spent in this place.
 B = Non-inter-level travel time spent in this place.
 C = Inter-level travel time spent in this place.
 D = Time resting spent in this place.
 E = Time spent auto-exploring this place.
 F = Levels seen in this place.
 G = Mean time per level.
                   A        B        C        D        E       F      G
               +--------+--------+--------+--------+--------+-----+--------+
         Total |    517 |    517 |      0 |      0 |    366 |   1 |  517.0 |
       Dungeon |    517 |    517 |      0 |      0 |    366 |   1 |  517.0 |
               +--------+--------+--------+--------+--------+-----+--------+

Top non-repeatable levels by time:
     D:1: 517 daAuts

Table legend:
 A = Non-vault XP
 B = Vault XP
 C = Vault XP percentage of total XP
 D = Non-vault monster count
 E = Vault monster count
 F = Vault count percentage of total count
                 A         B        C        D         E       F
            +---------+---------+-------+---------+---------+-------
      Total |      49 |       0 |   0.0 |      21 |       0 |   0.0
            +---------+---------+-------+---------+---------+-------
        D:1 |      49 |       0 |   0.0 |      21 |       0 |   0.0
            +---------+---------+-------+---------+---------+-------
